TOP OF THE 1ST |
Southern California Trojans batting - Pitching for Kentucky Wildcats : RHP Rafael Medina
|
Pitching: RHP Rafael Medina
|
|
Batting: LHB Thomas Dixon
|
0-0: Called Strike 0-1: Ball 1-1: Ball 2-1: Ball 3-1: Called Strike 3-2: Foul Ball, location: 2F 3-2: Base on Balls
|
Batting: LHB Mike Davis
|
0-0: Called Strike Thomas Dixon steals 2nd base Error on foul ball, E9 0-2: 2-RUN HOME RUN (Line Drive, 9D), Distance : 370 ft
|
Batting: SHB José López
|
0-0: Called Strike 0-1: Swinging Strike 0-2: Ball 1-2: Fly out, F5 (Popup, 25F)
|
Batting: RHB Brian Dixon
|
0-0: Foul Ball, location: 2F 0-1: Called Strike 0-2: Ball 1-2: Foul Ball, location: 2F 1-2: Ball 2-2: DOUBLE (Flyball, 7LD)
|
Batting: LHB Scot Chilson
|
0-0: Ground out U3 (Groundball, 3L) Brian Dixon to third
|
Batting: LHB Jeff Horton
|
0-0: Fly out, F8 (Flyball, 8RM)
|
Top of the 1st over - 2 run(s), 2 hit(s), 1 error(s), 1 left on base; Southern California 2 - Kentucky 0 |
BOTTOM OF THE 1ST |
Kentucky Wildcats batting - Pitching for Southern California Trojans : RHP Vaughan Horne
|
Pitching: RHP Vaughan Horne
|
|
Batting: LHB Myles Hay
|
0-0: Swinging Strike 0-1: Foul Ball, location: 2F 0-2: Foul Ball, location: 2F 0-2: Ball 1-2: Ball 2-2: Ball 3-2: SINGLE (Line Drive, 4MD)
|
Batting: RHB Phil McJannett
|
0-0: Called Strike 0-1: Called Strike 0-2: Strikes out swinging
|
Batting: RHB Phil Kennedy
|
0-0: Swinging Strike 0-1: Swinging Strike 0-2: Ground out 5-3 (Groundball, 56S) Myles Hay to second
|
Batting: RHB Frank Maxwell
|
0-0: Called Strike 0-1: Called Strike 0-2: Fly out, F8 (Line Drive, 89XD)
|
Bottom of the 1st over - 0 run(s), 1 hit(s), 0 error(s), 1 left on base; Southern California 2 - Kentucky 0 |
TOP OF THE 2ND |
Southern California Trojans batting - Pitching for Kentucky Wildcats : RHP Rafael Medina
|
Batting: RHB José Martínez
|
0-0: Called Strike 0-1: Fly out, F8 (Popup, 89S)
|
Batting: RHB Roy MacCluskie
|
0-0: Called Strike 0-1: Ball 1-1: Ball 2-1: Ball 3-1: Fly out, F3 (Popup, 3SF)
|
Batting: RHB Wayne Whittier
|
0-0: Ball 1-0: Ball 2-0: Ball 3-0: Called Strike 3-1: Base on Balls
|
Batting: LHB Thomas Dixon
|
0-0: Ball Wayne Whittier steals 2nd base 1-0: Ball 2-0: Ground out 4-3 (Groundball, 4)
|
Top of the 2nd over - 0 run(s), 0 hit(s), 0 error(s), 1 left on base; Southern California 2 - Kentucky 0 |
BOTTOM OF THE 2ND |
Kentucky Wildcats batting - Pitching for Southern California Trojans : RHP Vaughan Horne
|
Batting: RHB Brian Gamble
|
0-0: Foul Ball, location: 2F 0-1: Fly out, F5 (Popup, 56S)
|
Batting: RHB Jerry Gentry
|
0-0: Called Strike 0-1: Swinging Strike 0-2: SINGLE (Groundball, 34S)
|
Batting: RHB Jack Sweet
|
0-0: Called Strike 0-1: Ball 1-1: Ball 2-1: Grounds into double play, 5-4-3 (Groundball, 56)
|
Bottom of the 2nd over - 0 run(s), 1 hit(s), 0 error(s), 0 left on base; Southern California 2 - Kentucky 0 |
TOP OF THE 3RD |
Southern California Trojans batting - Pitching for Kentucky Wildcats : RHP Rafael Medina
|
Batting: LHB Mike Davis
|
0-0: Ball 1-0: Swinging Strike 1-1: Foul Ball, location: 2F 1-2: SINGLE (Line Drive, 6M)
|
Batting: SHB José López
|
0-0: Called Strike 0-1: Ball 1-1: Ball 2-1: Foul Ball, location: 2F 2-2: Ball 3-2: 2-RUN HOME RUN (Line Drive, 9D), Distance : 359 ft
|
Batting: RHB Brian Dixon
|
0-0: Ball 1-0: Ball 2-0: Ball 3-0: Base on Balls
|
Batting: LHB Scot Chilson
|
0-0: Ball 1-0: Called Strike 1-1: Ball 2-1: DOUBLE (Groundball, 3L) Brian Dixon to third
|
Batting: LHB Jeff Horton
|
0-0: Ball 1-0: Called Strike 1-1: Swinging Strike 1-2: Foul Ball, location: 2F 1-2: Strikes out looking
|
Batting: RHB José Martínez
|
0-0: Ball 1-0: Ball 2-0: Called Strike 2-1: Ball 3-1: Base on Balls
|
Batting: RHB Roy MacCluskie
|
0-0: Swinging Strike 0-1: Ball Wild Pitch! Brian Dixon scores Scot Chilson to third José Martínez to second 1-1: SINGLE (Groundball, 34) Scot Chilson scores José Martínez to third Runner from 3rd tries for Home, SAFE, no throw or cutoff
|
Batting: RHB Wayne Whittier
|
0-0: Foul Ball, location: 2F 0-1: Ball 1-1: Ball 2-1: Foul Ball, location: 2F 2-2: Strikes out swinging
|
Batting: LHB Thomas Dixon
|
0-0: Called Strike 0-1: SINGLE (Groundball, 5D) Roy MacCluskie to second
|
Batting: LHB Mike Davis
|
0-0: Ground out 1-3 (Groundball, 15)
|
Top of the 3rd over - 5 run(s), 5 hit(s), 0 error(s), 2 left on base; Southern California 7 - Kentucky 0 |
BOTTOM OF THE 3RD |
Kentucky Wildcats batting - Pitching for Southern California Trojans : RHP Vaughan Horne
|
Batting: RHB Tim James
|
0-0: Called Strike 0-1: Ball 1-1: Swinging Strike 1-2: Ball 2-2: Strikes out swinging
|
Batting: LHB Carlos Romero
|
0-0: SINGLE (Groundball, 34D) (infield hit)
|
Batting: LHB Myles Hay
|
0-0: Ball 1-0: Called Strike 1-1: Ball 2-1: Foul Ball, location: 2F 2-2: Fly out, F8 (Flyball, 8RD)
|
Batting: RHB Phil McJannett
|
0-0: Fly out, F8 (Flyball, 8RD)
|
Bottom of the 3rd over - 0 run(s), 1 hit(s), 0 error(s), 1 left on base; Southern California 7 - Kentucky 0 |
TOP OF THE 4TH |
Southern California Trojans batting - Pitching for Kentucky Wildcats : RHP Rafael Medina
|
Pitching: LHP Bill Sutton
|
|
Batting: SHB José López
|
0-0: Ball 1-0: Foul Ball, location: 2F 1-1: Swinging Strike 1-2: Ball 2-2: Ball 3-2: TRIPLE (Flyball, 9LS)
|
Batting: RHB Brian Dixon
|
0-0: Called Strike 0-1: Ball 1-1: Ball 2-1: Called Strike 2-2: Ball 3-2: Base on Balls
|
Batting: LHB Scot Chilson
|
0-0: Ball 1-0: Called Strike 1-1: Foul Ball, location: 2F 1-2: Ball 2-2: Ball 3-2: SINGLE (Groundball, 6M) José López scores Brian Dixon to second
|
Batting: LHB Jeff Horton
|
0-0: Ball 1-0: SINGLE (Groundball, 4M) Brian Dixon to third Scot Chilson to second Runner from 3rd tries for Home, SAFE, throw made home Scot Chilson to third Jeff Horton to second
|
Batting: RHB José Martínez
|
0-0: Ball 1-0: Foul Ball, location: 2F 1-1: SINGLE (Line Drive, 4M) Scot Chilson scores Jeff Horton to third Runner from 3rd tries for Home, SAFE, no throw or cutoff
|
Pitching: LHP Arturo Vásquez
|
|
Batting: RHB Roy MacCluskie
|
0-0: Ball 1-0: Ball 2-0: Ball 3-0: Foul Ball, location: 2F 3-1: Base on Balls José Martínez to second
|
Batting: RHB Wayne Whittier
|
0-0: Called Strike 0-1: Ball 1-1: SINGLE (Flyball, 8RS) José Martínez to third Roy MacCluskie to second
|
Batting: LHB Thomas Dixon
|
0-0: Ball 1-0: Grounds into double play, U4-3 (Groundball, 4) José Martínez scores Roy MacCluskie to third
|
Batting: LHB Mike Davis
|
0-0: SINGLE (Flyball, 9S) Roy MacCluskie scores
|
Batting: SHB José López
|
0-0: Called Strike 0-1: Swinging Strike 0-2: Strikes out looking
|
Top of the 4th over - 6 run(s), 6 hit(s), 0 error(s), 1 left on base; Southern California 13 - Kentucky 0 |
BOTTOM OF THE 4TH |
Kentucky Wildcats batting - Pitching for Southern California Trojans : RHP Vaughan Horne
|
Batting: RHB Phil Kennedy
|
0-0: Foul Ball, location: 2F 0-1: Foul Ball, location: 2F 0-2: Ball 1-2: Ball 2-2: Foul Ball, location: 2F 2-2: Ball 3-2: Base on Balls
|
Batting: RHB Frank Maxwell
|
0-0: Called Strike 0-1: DOUBLE (Flyball, 89M) Phil Kennedy to third
|
Batting: RHB Brian Gamble
|
0-0: Called Strike 0-1: Ball 1-1: Foul Ball, location: 2F 1-2: Ball 2-2: Strikes out swinging
|
Batting: RHB Jerry Gentry
|
0-0: Swinging Strike 0-1: Ball 1-1: Ball 2-1: Ball 3-1: SINGLE (Line Drive, 6MD) Phil Kennedy scores Frank Maxwell to third Runner from 3rd tries for Home, SAFE, throw made home Jerry Gentry to second
|
Batting: RHB Jack Sweet
|
0-0: Called Strike 0-1: SINGLE (Flyball, 78S) Jerry Gentry to third
|
Batting: RHB Tim James
|
0-0: Ball 1-0: Ball 2-0: Foul Ball, location: 2F 2-1: Ball 3-1: Fly out, F6 (Popup, 6M)
|
Batting: LHB Carlos Romero
|
0-0: Ball 1-0: Called Strike 1-1: Foul Ball, location: 2F 1-2: Ball 2-2: Ball 3-2: Strikes out swinging
|
Bottom of the 4th over - 2 run(s), 3 hit(s), 0 error(s), 2 left on base; Southern California 13 - Kentucky 2 |
TOP OF THE 5TH |
Southern California Trojans batting - Pitching for Kentucky Wildcats : LHP Arturo Vásquez
|
Batting: RHB Brian Dixon
|
0-0: Ball 1-0: Ball 2-0: Foul Ball, location: 2F 2-1: DOUBLE (Line Drive, 7LM)
|
Batting: LHB Scot Chilson
|
0-0: Called Strike 0-1: Foul Ball, location: 2F 0-2: Ball 1-2: Ball 2-2: Strikes out swinging
|
Batting: LHB Jeff Horton
|
0-0: Ball 1-0: Ball 2-0: Fly out, F7 (Flyball, 7M)
|
Batting: RHB José Martínez
|
0-0: Ball 1-0: Called Strike 1-1: Ball 2-1: Hit by Pitch
|
Batting: RHB Roy MacCluskie
|
0-0: 3-RUN HOME RUN (Flyball, 78XD), Distance : 373 ft
|
Batting: RHB Wayne Whittier
|
0-0: Foul Ball, location: 2F 0-1: Called Strike 0-2: Ground out 4-3 (Groundball, 4M)
|
Top of the 5th over - 3 run(s), 2 hit(s), 0 error(s), 0 left on base; Southern California 16 - Kentucky 2 |
BOTTOM OF THE 5TH |
Kentucky Wildcats batting - Pitching for Southern California Trojans : RHP Vaughan Horne
|
Batting: LHB Myles Hay
|
0-0: Swinging Strike 0-1: Foul Ball, location: 2F 0-2: Foul Ball, location: 2F 0-2: Foul Ball, location: 2F 0-2: Ball 1-2: Ball 2-2: Ball 3-2: Foul Ball, location: 2F 3-2: SINGLE (Groundball, 34D)
|
Batting: RHB Phil McJannett
|
0-0: Foul Ball, location: 2F 0-1: Fly out, F8 (Line Drive, 8LS)
|
Pitching: LHP Greg Ball
|
|
Batting: RHB Phil Kennedy
|
0-0: Ball 1-0: Ball 2-0: Ball 3-0: Called Strike 3-1: Foul Ball, location: 2F 3-2: Foul Ball, location: 2F 3-2: Foul Ball, location: 2F 3-2: Base on Balls Myles Hay to second
|
Batting: RHB Frank Maxwell
|
0-0: Called Strike 0-1: Called Strike 0-2: Ball 1-2: Foul Ball, location: 2F 1-2: Strikes out looking
|
Batting: RHB Brian Gamble
|
0-0: Called Strike 0-1: Swinging Strike 0-2: TRIPLE (Flyball, 8RXD) Myles Hay scores Phil Kennedy scores
|
Batting: RHB Jerry Gentry
|
0-0: Ball 1-0: Ball 2-0: Fly out, F9 (Flyball, 9M)
|
Bottom of the 5th over - 2 run(s), 2 hit(s), 0 error(s), 1 left on base; Southern California 16 - Kentucky 4 |
TOP OF THE 6TH |
Southern California Trojans batting - Pitching for Kentucky Wildcats : LHP Arturo Vásquez
|
Pitching: RHP Vic Willis
|
|
Batting: LHB Thomas Dixon
|
0-0: SINGLE (Line Drive, 34)
|
Batting: LHB Mike Davis
|
0-0: Called Strike 0-1: Ball 1-1: Foul Ball, location: 2F 1-2: Strikes out swinging
|
Pinch Hitting: LHB Wade Toland
|
0-0: SINGLE (Line Drive, 9S) Thomas Dixon to second
|
Batting: RHB Brian Dixon
|
0-0: Ball 1-0: Foul Ball, location: 2F 1-1: Ball Thomas Dixon steals 3rd base Wade Toland to second 2-1: Called Strike 2-2: SINGLE (Groundball, 56D) Thomas Dixon scores Wade Toland to third Runner from 3rd tries for Home, SAFE, no throw or cutoff
|
Batting: LHB Scot Chilson
|
0-0: Grounds into double play, 4-6-3 (Groundball, 34)
|
Top of the 6th over - 2 run(s), 3 hit(s), 0 error(s), 0 left on base; Southern California 18 - Kentucky 4 |
BOTTOM OF THE 6TH |
Kentucky Wildcats batting - Pitching for Southern California Trojans : LHP Greg Ball
|
Now in CF: Alan Smith
|
|
Batting: RHB Jack Sweet
|
0-0: Called Strike 0-1: Swinging Strike 0-2: Ball 1-2: Strikes out swinging
|
Batting: RHB Tim James
|
0-0: DOUBLE (Line Drive, 78M)
|
Batting: LHB Carlos Romero
|
0-0: Called Strike 0-1: Swinging Strike 0-2: Ball 1-2: Strikes out swinging
|
Batting: LHB Myles Hay
|
0-0: Foul Ball, location: 2F 0-1: Ball 1-1: Ball 2-1: Ball 3-1: Ground out 4-3 (Groundball, 4)
|
Bottom of the 6th over - 0 run(s), 1 hit(s), 0 error(s), 1 left on base; Southern California 18 - Kentucky 4 |
TOP OF THE 7TH |
Southern California Trojans batting - Pitching for Kentucky Wildcats : RHP Vic Willis
|
Batting: LHB Jeff Horton
|
0-0: Called Strike 0-1: Ball 1-1: Foul Ball, location: 2F 1-2: Ground out 3-1 (Groundball, 34)
|
Batting: RHB José Martínez
|
0-0: Hit by Pitch
|
Batting: RHB Roy MacCluskie
|
0-0: Foul Ball, location: 2F 0-1: Ball 1-1: Fly out, F8 (Flyball, 8RM)
|
Batting: RHB Wayne Whittier
|
0-0: Swinging Strike 0-1: Ball 1-1: Swinging Strike 1-2: Foul Ball, location: 2F 1-2: Ball 2-2: Strikes out swinging
|
Top of the 7th over - 0 run(s), 0 hit(s), 0 error(s), 1 left on base; Southern California 18 - Kentucky 4 |
BOTTOM OF THE 7TH |
Kentucky Wildcats batting - Pitching for Southern California Trojans : LHP Greg Ball
|
Pitching: RHP Pedro Flores
|
|
Batting: RHB Phil McJannett
|
0-0: Ball 1-0: SOLO HOME RUN (Flyball, 9LD), Distance : 313 ft
|
Batting: RHB Phil Kennedy
|
0-0: Foul Ball, location: 2F 0-1: Ground out 5-3 (Groundball, 5)
|
Batting: RHB Frank Maxwell
|
0-0: Ball 1-0: Called Strike 1-1: Fly out, F9 (Flyball, 9M)
|
Batting: RHB Brian Gamble
|
0-0: Ball 1-0: Foul Ball, location: 2F 1-1: Ball 2-1: Ball 3-1: Reached on error, E5 (Groundball, 5S)
|
Batting: RHB Jerry Gentry
|
0-0: Ball 1-0: Called Strike 1-1: Ball 2-1: Swinging Strike Balk! Brian Gamble to second 2-2: Fly out, F7 (Flyball, 7D)
|
Bottom of the 7th over - 1 run(s), 1 hit(s), 1 error(s), 1 left on base; Southern California 18 - Kentucky 5 |
TOP OF THE 8TH |
Southern California Trojans batting - Pitching for Kentucky Wildcats : RHP Vic Willis
|
Pitching: RHP Jesús Rodríguez
|
|
Batting: LHB Thomas Dixon
|
0-0: Ball 1-0: Fly out, F9 (Flyball, 89S)
|
Batting: LHB Mike Davis
|
0-0: Ball 1-0: Ball 2-0: Fly out, F8 (Flyball, 8LXD)
|
Batting: LHB Alan Smith
|
0-0: Swinging Strike 0-1: Foul Ball, location: 2F 0-2: Ball 1-2: Fly out, F5 (Popup, 5DF)
|
Top of the 8th over - 0 run(s), 0 hit(s), 0 error(s), 0 left on base; Southern California 18 - Kentucky 5 |
BOTTOM OF THE 8TH |
Kentucky Wildcats batting - Pitching for Southern California Trojans : RHP Pedro Flores
|
Batting: RHB Jack Sweet
|
0-0: Ball 1-0: Swinging Strike 1-1: Foul Ball, location: 2F 1-2: Strikes out looking
|
Batting: RHB Tim James
|
0-0: Ball 1-0: Fly out, F7 (Flyball, 78M)
|
Batting: LHB Carlos Romero
|
0-0: Called Strike 0-1: Ball 1-1: Ball 2-1: Ground out 6-3 (Groundball, 6)
|
Bottom of the 8th over - 0 run(s), 0 hit(s), 0 error(s), 0 left on base; Southern California 18 - Kentucky 5 |
TOP OF THE 9TH |
Southern California Trojans batting - Pitching for Kentucky Wildcats : RHP Jesús Rodríguez
|
Pitching: RHP Ismael Ortíz
|
|
Batting: RHB Brian Dixon
|
0-0: Swinging Strike 0-1: Ball 1-1: Ball 2-1: SINGLE (Line Drive, 7LS)
|
Batting: LHB Scot Chilson
|
0-0: Ball 1-0: Called Strike 1-1: Called Strike 1-2: Strikes out swinging
|
Batting: LHB Jeff Horton
|
0-0: Ball 1-0: Ball 2-0: Foul Ball, location: 2F 2-1: Ball 3-1: Foul Ball, location: 2F 3-2: Strikes out looking
|
Batting: RHB José Martínez
|
0-0: Ball 1-0: Ball 2-0: Called Strike 2-1: Fly out, F7 (Flyball, 7M)
|
Top of the 9th over - 0 run(s), 1 hit(s), 0 error(s), 1 left on base; Southern California 18 - Kentucky 5 |
BOTTOM OF THE 9TH |
Kentucky Wildcats batting - Pitching for Southern California Trojans : RHP Pedro Flores
|
Batting: LHB Myles Hay
|
0-0: Ball 1-0: Ball 2-0: Fly out, F7 (Popup, 56D)
|
Pitching: RHP Jonathan Faulkner
|
|
Batting: RHB Phil McJannett
|
0-0: Called Strike 0-1: Foul Ball, location: 2F 0-2: Ball 1-2: Ball 2-2: Foul Ball, location: 2F 2-2: Ball 3-2: Foul Ball, location: 2F 3-2: Foul Ball, location: 2F 3-2: Foul Ball, location: 2F 3-2: SINGLE (Groundball, 4D)
|
Batting: RHB Phil Kennedy
|
0-0: Fly out, F8 (Flyball, 78M)
|
Batting: RHB Frank Maxwell
|
0-0: Ball 1-0: Ball 2-0: Called Strike 2-1: Fielders Choice at 2nd, U4 (Groundball, 4M)
|
Bottom of the 9th over - 0 run(s), 1 hit(s), 0 error(s), 1 left on base; Southern California 18 - Kentucky 5 |
|